 Dungeon Crawl Stone Soup version 0.32-a0-633-g5379399 (webtiles) character file.

Game seed: 1554670820977745428

105 Dorkslayer the Chopper (level 4, -1/35 HPs)
             Began as a Human Fighter on Mar 6, 2024.
             Frozen to death by an endoplasm (2 damage)
             ... on level 3 of the Dungeon.
             The game lasted 00:05:23 (1555 turns).

Dorkslayer the Chopper (Human Fighter)              Turns: 1555, Time: 00:05:24

Health: -1/35      AC:  6    Str: 18    XL:     4   Next: 81%
Magic:  4/4        EV:  0    Int:  9    God:
Gold:   97         SH:  4    Dex: 12    Spells: 3/3 levels left

rFire   . . .        a - +0 war axe
rCold   . . .        c - +0 buckler
rNeg    . . .        b - +0 scale mail
rPois   .            (no helmet)
rElec   .            (no cloak)
rCorr   .            (no gloves)
SInv    .            (no boots)
Will    .....        (no amulet) Stlth
                     (no ring)
HPRegen 0.25/turn    (no ring)
MPRegen 0.09/turn

%: no passive effects
@: mighty, constricted
A: explore regen
a: Convert to Beogh


You were on level 3 of the Dungeon.
You visited 1 branch of the dungeon, and saw 3 of its levels.

You collected 97 gold pieces.

Inventory:

Hand Weapons
 a - a +0 war axe (weapon)
Armour
 b - a +0 scale mail (worn)
 c - a +0 buckler (worn)
Scrolls
 e - a scroll of enchant weapon {unknown}
 f - a scroll of vulnerability {unknown}
 h - a scroll of enchant armour {unknown}
 i - a scroll of noise {unknown}
 l - a scroll of amnesia {unknown}
Potions
 g - a potion of enlightenment {unknown}
 j - a potion of attraction {unknown}
 k - a potion of degeneration {unknown}


   Skills:
 + Level 3.2 Fighting
 * Level 3.7 Axes
 + Level 3.3 Armour
 * Level 1.5 Dodging
 + Level 0.1 Stealth
 + Level 3.2 Shields


You had 3 spell levels left.
You didn't know any spells.
Your spell library was empty.

Dungeon Overview and Level Annotations

Branches:
Dungeon (3/15)

Altars:


Innate Abilities, Weirdness & Mutations

You regain HP and MP as you explore.


Message History

The orc hits you with a +0 hand axe.
The orc priest hits you but does no damage.
Unknown command.
You slash the orc!
You kill the orc!
You slash something! You block something's attack.
The orc priest calls down the wrath of Beogh upon you.
Beogh smites you!
The ball python bites you but does no damage.
The ball python barely misses you.
The orc priest shouts, "The Pantheon deserves no one's loyalty.
Let us show you the true path!" (press Y on the ability menu to convert to Beogh)
You hit the orc.
You kill the orc!
You closely miss the ball python. You closely miss something.
You hear some strange, mumbled words.
A magic dart appears from out of thin air!
The magic dart hits you.
* * * LOW HITPOINT WARNING * * *
The ball python bites you but does no damage.
You block the ball python's attack. The orc priest completely misses you.
The orc priest shouts, "The Pantheon deserves no one's loyalty.
Let us show you the true path!"
You closely miss something. You barely miss the endoplasm. You slash the hound!
You barely miss the ball python. The ball python barely misses you.
The ball python grabs you. The ball python constricts you.
The hound completely misses you. Something hits you but does no damage.
The endoplasm hits you but does no damage.
The orc priest hits you but does no damage.
You block the ball python's attack. The ball python constricts you.
* * * LOW HITPOINT WARNING * * *
You hear some strange, mumbled words.
A puff of flame appears from out of thin air!
The puff of flame hits you.
* * * LOW HITPOINT WARNING * * *
The hound bites you but does no damage.
The orc priest hits you from afar with a +0 trident.
* * * LOW HITPOINT WARNING * * *
The endoplasm freezes you.
You are frozen.
You die...

#.......!..
#######..........
##...........>..# ...
...............# ....
##.#...........###
....###..##......o.....#
...............hS{..#
...####......$..@J..#
...##...........!...#
..........#.............
........###.............
............<...........
.........#............/.
........##.#######......
........... ......
...##...### ......


You could see a hound, an orc priest, an endoplasm and a ball python.

Vanquished Creatures
  Jessica (D:2)
  3 adders
  A dart slug (D:2)
  2 orcs (D:3)
  7 endoplasms
  2 goblins
  2 hobgoblins
  3 jackals (D:1)
  3 quokkas
  9 ball pythons
  2 bats
  A frilled lizard (D:1)
  6 kobolds
  5 rats
47 creatures vanquished.

Notes
Turn   | Place    | Note
-------+----------+-------------------------------------------
     0 | D:1      | Dorkslayer the Human Fighter began the quest for the Orb.
     0 | D:1      | Reached XP level 1. HP: 18/18 MP: 1/1
   161 | D:1      | Reached XP level 2. HP: 24/24 MP: 2/2
   721 | D:2      | Reached skill level 1 in Dodging
   791 | D:2      | Reached XP level 3. HP: 29/29 MP: 3/3
   808 | D:2      | Found a faded altar of an unknown god.
  1022 | D:2      | Noticed Jessica
  1030 | D:2      | Killed Jessica
  1031 | D:2      | Reached XP level 4. HP: 35/35 MP: 4/4
  1555 | D:3      | HP: 1/35 [orc priest/+0 trident (1)]
  1555 | D:3      | Frozen to death by an endoplasm

Illustrated notes

Levels and vault maps discovered:
D:1:      nicolae_arrival_washed_ashore, layout_basic
D:2:      layout_basic, nicolae_ecumenical_snake_handling, uniq_jessica
D:3:      layout_rooms, led_sif_book, minmay_starry_boxes, uniq_sigmund

Skill      XL: |  1  2  3 |
---------------+----------+-----
Dodging        | 1 |  1.5
Axes           | 3 |  3.7
Fighting       | |  3.2
Armour         | |  3.3
Stealth        | |  0.1
Shields        | |  3.2

Action                     |  1- 3 |  4- 6 || total
---------------------------+-------+-------++-------
  Melee: War axe           |    76 |    39 ||   115
    Use: Potion            |       |     1 ||     1
 Armour: Scale mail        |    71 |    64 ||   135
  Dodge: Dodged            |    47 |    23 ||    70
  Block: Buckler           |    21 |    13 ||    34

Table legend: (Time is in decaauts)
 A = Elapsed time spent in this place.
 B = Non-inter-level travel time spent in this place.
 C = Inter-level travel time spent in this place.
 D = Time resting spent in this place.
 E = Time spent auto-exploring this place.
 F = Levels seen in this place.
 G = Mean time per level.
                   A        B        C        D        E       F      G
               +--------+--------+--------+--------+--------+-----+--------+
         Total |   1599 |   1599 |      0 |      0 |    747 |   3 |  533.0 |
       Dungeon |   1599 |   1599 |      0 |      0 |    747 |   3 |  533.0 |
               +--------+--------+--------+--------+--------+-----+--------+

Top non-repeatable levels by time:
     D:2: 806 daAuts
     D:1: 733 daAuts
     D:3: 59 daAuts
